 Dungeon Crawl Stone Soup version 0.21-a0-578-gc6e9d75 (webtiles) character file.

13 tidbits the Digger (level 2, 20/20 HPs)
             Began as a Gnoll Earth Elementalist on Dec 18, 2017.
             Was a Follower of Elyvilon.
             Quit the game on level 2 of the Dungeon.
             The game lasted 00:02:00 (277 turns).

tidbits the Digger (Gnoll Earth Elementalist)        Turns: 277, Time: 00:02:01

Health: 20/20      AC:  2    Str: 10    XL:     2   Next: 37%
Magic:  7/7        EV: 14    Int: 17    God:    Elyvilon [*.....]
Gold:   37         SH:  0    Dex: 15    Spells: 7/10 levels left

rFire    . . .     SeeInvis .   (no weapon)
rCold    . . .     Gourm    .   (no shield)
rNeg     . . .     Faith    .   c - +0 robe
rPois    .         Spirit   .   (no helmet)
rElec    .         Reflect  .   (no cloak)
rCorr    .         Harm     .   (no gloves)
MR       .....                  (no boots)
Stlth    +++.......             (no amulet)
HPRegen  0.06/turn              g - ring of flight
MPRegen  0.10/turn              (no ring)

@: no status effects
A: distributed training, fangs 1, strong nose
a: Lesser Healing, Divine Protection, Renounce Religion, Evoke Flight


You were on level 2 of the Dungeon.
You worshipped Elyvilon.
Elyvilon was aware of your devotion.
You were not hungry.

You visited 1 branch of the dungeon, and saw 2 of its levels.

You collected 37 gold pieces.

Inventory:

Hand Weapons
 i - a cursed -1 hand axe
Missiles
 b - 77 stones (quivered)
 f - 3 tomahawks
Armour
 c - a +0 robe (worn)
Jewellery
 g - a ring of flight (left hand)
   (You found it on level 1 of the Dungeon)
Scrolls
 a - a scroll of remove curse {unknown}
 k - a scroll of teleportation {unknown}
Potions
 h - a potion of resistance {unknown}
 j - a potion of lignification {unknown}
Books
 e - a book of Geomancy

   Spells                             Type                      Level
   a - Sandblast                      Earth                        1
   b - Passwall                       Transmutation/Earth          2
   c - Stone Arrow                    Conjuration/Earth            3
   d - Petrify                        Transmutation/Earth          4
   e - Lee's Rapid Deconstruction     Earth                        5
Comestibles
 d - a ration


   Skills:
 + Level 0.3 Fighting
 + Level 0.3 Short Blades
 + Level 0.3 Long Blades
 + Level 0.3 Axes
 + Level 0.3 Maces & Flails
 + Level 0.3 Polearms
 + Level 0.3 Staves
 + Level 0.3 Slings
 + Level 0.3 Bows
 + Level 0.3 Crossbows
 + Level 0.3 Throwing
 + Level 0.3 Armour
 + Level 4.4 Dodging
 + Level 4.0 Stealth
 + Level 0.3 Shields
 + Level 0.3 Unarmed Combat
 + Level 4.9 Spellcasting
 + Level 0.2 Conjurations
 + Level 0.2 Hexes
 + Level 0.2 Charms
 + Level 0.2 Summonings
 + Level 0.2 Necromancy
 + Level 0.2 Translocations
 + Level 2.0 Transmutations
 + Level 0.2 Fire Magic
 + Level 0.2 Ice Magic
 + Level 0.2 Air Magic
 + Level 5.3 Earth Magic
 + Level 0.2 Poison Magic
 + Level 0.4 Invocations
 + Level 0.3 Evocations


You had 7 spell levels left.
You knew the following spells:

 Your Spells              Type           Power        Failure   Level  Hunger
a - Sandblast             Erth           ###...       1%          1    None
w - Passwall              Tmut/Erth      ###.......   4%          2    #......


Dungeon Overview and Level Annotations

Branches:
Dungeon (2/15)

Altars:
Elyvilon


Innate Abilities, Weirdness & Mutations

Your experience applies equally to all skills.
You have very sharp teeth.
Your uncanny sense of smell can sniff out nearby items.


Message History

You kill the rat!
b - 42 stones
Found a stone staircase leading down.
h - a bubbling coppery potion A bat comes into view.
You see here a hand axe.
i - a hand axe
There is a stone staircase leading down here.
You climb downwards.
There is a stone staircase leading up here.
You climb upwards.
There is a stone staircase leading down here.
Wield which item (- for none, * to show all)? (? for menu, Esc to quit)
Okay, then.
Casting: Sandblast
Confirm with . or Enter, or press ? or * to list all spells.
Aiming: Sandblast
Press: ? - help, Shift-Dir - straight line, f - bat
Aim: a bat (resting)
The blast of sand hits the bat.
You kill the bat!
b - 41 stones A rat comes into view.
Found a viscous black potion.
Found 16 gold pieces.
Casting: Sandblast
Confirm with . or Enter, or press ? or * to list all spells.
Aiming: Sandblast
Press: ? - help, Shift-Dir - straight line, f - rat
Aim: a rat The blast of sand hits the rat.
You kill the rat!
b - 40 stones
j - a viscous black potion A hobgoblin comes into view.
It is wielding a club.
Found a ring mail.
The hobgoblin shouts!
You see here 16 gold pieces.
Casting: Sandblast
Confirm with . or Enter, or press ? or * to list all spells.
Aiming: Sandblast
Press: ? - help, Shift-Dir - straight line, f - hobgoblin
Aim: a hobgoblin, wielding a club The blast of sand hits the hobgoblin.
You kill the hobgoblin!
b - 39 stones You now have 16 gold pieces.
Things that are here:
a club; a hobgoblin corpse Magic restored.
You open the door.
Found 9 gold pieces.
There is an open door here.
Found a scroll labeled QOFRAI VAFREC.
You found a teleport trap!
You now have 25 gold pieces (gained 9).
Found 12 gold pieces.
k - a scroll labeled QOFRAI VAFREC You now have 37 gold pieces (gained 12).
Casting: Sandblast
Confirm with . or Enter, or press ? or * to list all spells.
Which direction?
You begin to meditate on the wall.
You continue meditating on the rock. x2
You finish merging with the rock.
Found 20 stones.
b - 59 stones (gained 20)
Found a stone staircase leading down.
There is a stone staircase leading down here.
You climb downwards.
There is a stone staircase leading up here.
A leopard gecko comes into view.
Casting: Passwall
Confirm with . or Enter, or press ? or * to list all spells.
Aiming: Sandblast
Press: ? - help, Shift-Dir - straight line, f - leopard gecko
Aim: a leopard gecko (resting)
The blast of sand hits the leopard gecko.
You kill the leopard gecko!
b - 58 stones Magic restored.
Found 19 stones.
b - 77 stones (gained 19)
Found a faded altar of an unknown god.
You enter the shallow water.
Moving in this stuff is going to be slow.
There is a faded altar of an unknown god here.
You cannot tell which god this altar belongs to.
Convert to them anyway?
Okay, then.
Put on which piece of jewellery? (? for menu, Esc to quit)
You don't have any such object.
Put on which piece of jewellery? (? for menu, Esc to quit)
Huh?
Put on which piece of jewellery? (? for menu, Esc to quit)
Okay, then.
You cannot tell which god this altar belongs to.
Convert to them anyway?
Elyvilon accepts your prayer! Elyvilon welcomes you!
You can now provide lesser healing for yourself.
You can now call on Elyvilon to save your life.
Are you sure you want to abandon this character and quit the game? (Confirm with "yes".)

...........# #.#
.........#######.#
#....≈...≈.≈.≈#.#
#....≈..≈≈.≈.≈#.#
....≈≈≈≈≈≈≈≈≈≈.#<#
.#..≈≈≈≈≈≈≈≈≈≈≈###
....≈≈≈≈≈≈≈≈≈≈.#
...≈≈≈≈♣..≈≈≈.≈#
.#≈.≈≈≈.@.≈≈≈≈.#
#..≈≈≈.♣≈≈≈≈.≈#
..≈≈≈≈≈≈≈≈≈≈.≈#
#.≈≈≈≈≈≈≈≈≈≈≈≈#
#≈.≈≈≈≈≈≈≈≈≈..#
#.≈.≈.≈≈≈≈≈..≈#
#..≈... ≈≈..≈.#
####### ###.###


There were no monsters in sight!

Vanquished Creatures
  A leopard gecko (D:2)
  A hobgoblin (D:1)
  4 jackals (D:1)
  2 bats (D:1)
  A frilled lizard (D:1)
  2 rats (D:1)
11 creatures vanquished.

Notes
Turn   | Place    | Note
-------+----------+-------------------------------------------
     0 | D:1      | tidbits the Gnoll Earth Elementalist began the quest for the Orb.
     0 | D:1      | Reached XP level 1. HP: 13/13 MP: 6/6
    73 | D:1      | Reached skill level 2 in Transmutations
   114 | D:1      | Reached XP level 2. HP: 19/19 MP: 5/7
   118 | D:1      | Learned a level 2 spell: Passwall
   268 | D:2      | Found a faded altar of an unknown god.
   276 | D:2      | Became a worshipper of Elyvilon the Healer
   276 | D:2      | Reached * piety under Elyvilon
   277 | D:2      | Quit the game

Vault maps used:
D:1:      dpeg_arrival_shrine
D:2:      dancing_weapons_uskayaw, chequers_ecumenical_altar_island

Skill      XL: |  1 |
---------------+----+-----
Transmutations | 2 |  2.0
Fighting       | |  0.3
Short Blades   | |  0.3
Long Blades    | |  0.3
Axes           | |  0.3
Maces & Flails | |  0.3
Polearms       | |  0.3
Staves         | |  0.3
Slings         | |  0.3
Bows           | |  0.3
Crossbows      | |  0.3
Throwing       | |  0.3
Armour         | |  0.3
Dodging        | |  4.4
Stealth        | |  4.0
Shields        | |  0.3
Unarmed Combat | |  0.3
Spellcasting   | |  4.9
Conjurations   | |  0.2
Hexes          | |  0.2
Charms         | |  0.2
Summonings     | |  0.2
Necromancy     | |  0.2
Translocations | |  0.2
Fire Magic     | |  0.2
Ice Magic      | |  0.2
Air Magic      | |  0.2
Earth Magic    | |  5.3
Poison Magic   | |  0.2
Invocations    | |  0.4
Evocations     | |  0.3

Action                   || total
-------------------------++-------
 Cast: Sandblast         ||    12
       Passwall          ||     1
Dodge: Dodged            ||     1

Table legend:
 A = Spawn XP
 B = Non-spawn XP
 C = Spawn XP percentage of total XP
 D = Spawn monster count
 E = Non-spawn monster count
 F = Spawn count percentage of total count
 G = Total turns spent on level
                    A         B        C        D         E        F      G
               +---------+---------+-------+---------+---------+-------+---------
         Total |       0 |      19 |   0.0 |       0 |      11 |   0.0 |   277
               +---------+---------+-------+---------+---------+-------+---------
           D:1 |       0 |      16 |   0.0 |       0 |      10 |   0.0 |   235
           D:2 |       0 |       3 |   0.0 |       0 |       1 |   0.0 |    42
               +---------+---------+-------+---------+---------+-------+---------

Table legend:
 A = Turns spent in this place as a percentage of turns spent in the entire game.
 B = Non-inter-level travel turns spent in this place as a percentage of non-inter-level travel turns spent in the entire game.
 C = Inter-level travel turns spent in this place as a percentage of turns spent in this place.
 D = Turns resting spent in this place as a percentage of non-inter-level travel turns spent in this place.
 E = Turns spent auto-exploring this place as a percentage of non-inter-level travel turns spent in this place.
 F = Non-inter-level travel turns spent in this place divided by the number of levels of this place that you've seen.
                   A       B       C       D       E      F
               +-------+-------+-------+-------+-------+----------------------
         Total | 100.0 | 100.0 |   0.0 |   0.0 |   0.0 | 138.5
       Dungeon | 100.0 | 100.0 |   0.0 |   0.0 |   0.0 | 138.5
               +-------+-------+-------+-------+-------+----------------------

Table legend:
 A = Kills in this place as a percentage of kills in entire the game.
 B = Kills by you in this place as a percentage of kills by you in the entire game.
 C = Kills by friends in this place as a percentage of kills by friends in the entire game.
 D = Other kills in this place as a percentage of other kills in the entire game.
 E = Experience gained in this place as a percentage of experience gained in the entire game.
 F = Experience gained in this place divided by the number of levels of this place that you have seen.
                   A       B       C       D       E      F
               +-------+-------+-------+-------+-------+----------------------
         Total | 100.0 | 100.0 |   N/A |   N/A | 100.0 |   9.5
       Dungeon | 100.0 | 100.0 |   N/A |   N/A | 100.0 |   9.5
               +-------+-------+-------+-------+-------+----------------------

Vault maps used:
D:1:      dpeg_arrival_shrine
D:2:      dancing_weapons_uskayaw, chequers_ecumenical_altar_island
